 Dungeon Crawl Stone Soup version 0.24.1-4-ge52af88ad5 (webtiles) character file.

Game seed: 14405971937008355912, levelgen mode: deterministic

81 Gruesph the Poker (level 4, -8/34 HPs)
             Began as a Merfolk Skald on Apr 16, 2020.
             Mangled by an orc priest
             ... wielding a +0 morningstar
              (12 damage)
             ... on level 3 of the Dungeon.
             The game lasted 00:09:28 (2676 turns).

Gruesph the Poker (Merfolk Skald)                   Turns: 2676, Time: 00:09:29

Health: -8/34      AC:  3    Str: 12    XL:     4   Next: 40%
Magic:  1/7        EV: 12    Int: 12    God:
Gold:   114        SH:  0    Dex: 13    Spells: 2/7 levels left

rFire    . . .     SeeInvis .   a - +0 spear
rCold    . . .     Gourm    .   (no shield)
rNeg     . . .     Faith    .   b - +0 leather armour
rPois    .         Spirit   .   (no helmet)
rElec    .         Reflect  .   (no cloak)
rCorr    .         Harm     .   (no gloves)
MR       .....                  (no boots)
Stlth    ++........             (no amulet)
HPRegen  0.11/turn              (no ring)
MPRegen  0.10/turn              (no ring)

@: no status effects
A: change form in water, swift swim, stealthy swim
a: no special abilities


You were on level 3 of the Dungeon.
You were not hungry.

You visited 1 branch of the dungeon, and saw 3 of its levels.

You collected 114 gold pieces.

Inventory:

Hand Weapons
 a - a +0 spear (weapon)
Missiles
 c - 121 stones (quivered)
Armour
 b - a +0 leather armour (worn)
Scrolls
 d - 2 scrolls of teleportation {unknown}
 g - a scroll of fear {unknown}
 h - 2 scrolls of remove curse {unknown}
 i - 3 scrolls of immolation {unknown}
 j - a scroll of blinking {unknown}
 l - a scroll of identify {unknown}
Potions
 e - a potion of curing {unknown}
 k - 2 potions of magic {unknown}
Comestibles
 f - 3 rations
 m - 2 chunks of flesh


   Skills:
 + Level 2.3 Fighting
 * Level 4.9 Polearms
 - Level 0.6 Armour
 - Level 2.6 Dodging
 - Level 2.1 Stealth
 - Level 2.0 Spellcasting
 - Level 4.0 Charms


You had 2 spell levels left.
You knew the following spells:

 Your Spells              Type           Power        Failure   Level  Hunger
a - Infusion              Chrm           ##..         7%          1    ##.....
b - Song of Slaying       Chrm           ##......     10%         2    ###....
c - Shroud of Golubria    Chrm/Tloc      #.....       22%         2    ###....

Your spell library contained the following spells:

 Spells                   Type           Power        Failure   Level  Hunger
 Regeneration             Chrm/Necr      #.........   41%         3    ####...
 Spectral Weapon          Hex/Chrm       #.......     41%         3    ####...


Dungeon Overview and Level Annotations

Branches:
Dungeon (3/15)

Altars:
Ashenzari
Nemelex Xobeh
Trog


Message History

Space distorts slightly along a thin shroud covering your body.
The orc priest invokes the aid of Beogh against you.
Pain shoots through your body!
You barely miss the orc priest.
The orc priest calls down the wrath of Beogh upon you.
Pain shoots through your body!
You hit the orc priest.
The orc priest is lightly wounded.
The orc priest barely misses you.
You hit the orc priest.
The orc priest is heavily wounded.
You are no longer magically infusing your attacks.
The orc priest hits you with a +0 morningstar!
* * * LOW HITPOINT WARNING * * *
You hit the orc priest.
The orc priest is heavily wounded.
You barely miss the orc priest.
The orc priest is heavily wounded.
The orc priest hits you with a +0 morningstar!
You die...

#........####.####..##
#.....................
#..###................
#.. #.........# #.##.
#..###...###.#####.##.
##..................##.
#.............#####.##.
#.###...###..o# #....
##..@..##...########.
#.#<...o..#............
#..............########
#..............#
#.............##
#.#............#
#.##.....##.#.... #
#..............
..........#.####


You could see an orc priest.

Vanquished Creatures
  3 adders (D:2)
  2 worms (D:2)
  3 leopard geckos
  2 orcs (D:2)
  A ball python (D:3)
  4 giant cockroaches
  3 goblins
  2 hobgoblins (D:2)
  4 jackals (D:2)
  A quokka (D:2)
  4 bats
  3 frilled lizards
  6 kobolds
  3 rats (D:2)
41 creatures vanquished.

Notes
Turn   | Place    | Note
-------+----------+-------------------------------------------
     0 | D:1      | Gruesph the Merfolk Skald began the quest for the Orb.
     0 | D:1      | Reached XP level 1. HP: 16/16 MP: 3/3
   250 | D:1      | Reached skill level 1 in Stealth
   290 | D:1      | Reached XP level 2. HP: 19/22 MP: 5/5
   294 | D:1      | Learned a level 2 spell: Song of Slaying
   297 | D:1      | Learned a level 2 spell: Shroud of Golubria
   935 | D:2      | Found a shattered altar of Ashenzari.
  1032 | D:2      | Reached XP level 3. HP: 14/27 MP: 4/6
  1177 | D:2      | Found a bloodstained altar of Trog.
  1556 | D:2      | Found a sparkling altar of Nemelex Xobeh.
  2017 | D:2      | Reached XP level 4. HP: 17/33 MP: 2/7
  2676 | D:3      | Mangled by an orc priest

Levels and vault maps discovered:
D:1:      elethiomel_arrival_infinity_welcomes_careful_drivers, layout_rooms
D:2:      layout_loops_ring, bloody_trog, evilmike_ruin_ashenzari,
          nemelex_xobeh_ov_fountains_minmay
D:3:      layout_loops_ring, vehumet_crystals

Skill      XL: |  1  2  3 |
---------------+----------+-----
Stealth        | 1 2 |  2.1
Polearms       | 4 |  4.9
Charms         | 4 |  4.0
Fighting       | |  2.3
Armour         | |  0.6
Dodging        | |  2.6
Spellcasting   | |  2.0

Action                   |  1- 3 |  4- 6 || total
-------------------------+-------+-------++-------
Melee: Spear             |   167 |    33 ||   200
 Cast: Song of Slaying   |     3 |       ||     3
       Infusion          |     2 |     2 ||     4
       Shroud of Golubri |     1 |     1 ||     2
 Stab: Sleeping          |     4 |       ||     4
  Eat: Chunk             |     4 |     2 ||     6
Armor: Leather armour    |    30 |     5 ||    35
Dodge: Dodged            |    68 |    12 ||    80
